 Dungeon Crawl Stone Soup version 0.26-a0-491-g70697cc071 (webtiles) character file.

Game seed: 11621092091108231717

34 Kozerkuc the Skirmisher (level 3, -1/29 HPs)
             Began as a Demonspawn Abyssal Knight on Aug 5, 2020.
             Was a Believer of Lugonu.
             Slain by a giant cockroach (2 damage)
             ... on level 2 of the Dungeon.
             The game lasted 00:02:15 (1056 turns).

Kozerkuc the Skirmisher (Demonspawn Abyssal Knight) Turns: 1056, Time: 00:02:16

Health: -1/29      AC:  3    Str: 12    XL:     3   Next: 14%
Magic:  4/4        EV: 11    Int: 13    God:    Lugonu [**....]
Gold:   86         SH:  0    Dex: 13    Spells: 2/2 levels left

rFire    . . .     SeeInvis .   a - +1 mace
rCold    . . .     Faith    .   (no shield)
rNeg     . . .     Spirit   .   b - +0 leather armour
rPois    .         Reflect  .   (no helmet)
rElec    .         Harm     .   (no cloak)
rCorr    .                      (no gloves)
MR       .....                  (no boots)
Stlth    +.........             (no amulet)
HPRegen  0.09/turn              (no ring)
MPRegen  0.09/turn              (no ring)

@: lethally poisoned (-1 -> -4)
A: demonic guardian 1, rot immunity
a: Depart the Abyss, Bend Space, Renounce Religion


You were on level 2 of the Dungeon.
You worshipped Lugonu.
Lugonu was pleased with you.
You visited 1 branch of the dungeon, and saw 2 of its levels.
You visited the Abyss 1 time.

You collected 86 gold pieces.

Inventory:

Hand Weapons
 a - a +1 mace (weapon)
Armour
 b - a +0 leather armour (worn)
Jewellery
 c - a +4 ring of evasion {unknown}
 f - an uncursed amulet of magic regeneration {unknown}
 h - an uncursed ring of fire {unknown}
Scrolls
 g - a scroll of remove curse {unknown}
 i - a scroll of amnesia {unknown}
Potions
 d - a potion of degeneration {unknown}
 e - 2 potions of curing {unknown}


   Skills:
 + Level 3.6 Fighting
 + Level 2.2 Maces & Flails
 + Level 2.2 Armour
 + Level 1.0 Dodging
 + Level 2.4 Invocations


You had 2 spell levels left.
You didn't know any spells.
Your spell library was empty.

Dungeon Overview and Level Annotations

Branches:
Dungeon (2/15)

Altars:


Innate Abilities, Weirdness & Mutations

A weak demonic guardian rushes to your aid.
You are immune to rotting.


Message History

You hit the jackal.
You kill the jackal!
Lugonu accepts your kill.
You feel sick. The jackal misses you. The adder bites you but does no damage.
The jackal closely misses you. The adder bites you but does no damage.
The adder bites you.
You feel sick. The jackal closely misses you.
There is a stone staircase leading down here.
You feel sick. The jackal bites you.
* * * LOW HITPOINT WARNING * * *
The jackal barely misses you. The adder bites you.
* * * LOW HITPOINT WARNING * * *
* * * LOW HITPOINT WARNING * * *
You feel sick.
A giant cockroach comes into view.
The jackal bites you.
* * * LOW HITPOINT WARNING * * *
* * * LOW HITPOINT WARNING * * *
You feel sick. The giant cockroach bites you.
You die...

###.........##
....##......##..
####..#..>##.....
$.....?†.........
#######<..#####..
###..#..#
##......S####
#......h....#
#.......@..###
#......s...#
#..........#
#..........#
..........#
#........##
#........#
..........


You could see an adder, a jackal and a giant cockroach.

Vanquished Creatures
  An ooze (D:1)
  2 dart slugs (D:1)
  3 goblins (D:1)
  2 hobgoblins (D:1)
  A jackal (D:2)
  6 bats (D:1)
  3 frilled lizards (D:1)
  5 kobolds (D:1)
  4 rats (D:1)
27 creatures vanquished.

Notes
Turn   | Place    | Note
-------+----------+-------------------------------------------
     0 | Abyss:1  | Kozerkuc the Demonspawn Abyssal Knight began the quest for
                  | the Orb.
     0 | Abyss:1  | Reached XP level 1. HP: 18/18 MP: 2/2
    58 | D:1      | Escaped the Abyss
   234 | D:1      | Gained mutation: A weak demonic guardian rushes to your
                  | aid. [demonic ancestry]
   234 | D:1      | Reached XP level 2. HP: 15/24 MP: 3/3
   415 | D:1      | Reached ** piety under Lugonu
   637 | D:1      | Reached skill level 1 in Dodging
   800 | D:1      | Gained mutation: You are immune to rotting. [demonic
                  | ancestry]
   800 | D:1      | Reached XP level 3. HP: 29/29 MP: 4/4
  1056 | D:2      | HP: 1/29 [poisoned by an adder]
  1056 | D:2      | Slain by a giant cockroach

Illustrated notes

Levels and vault maps discovered:
D:1:      kennysheep_arrival_forest, layout_rooms
D:2:      layout_rooms, st_stairs_9, guppyfry_early_lair_pool

Skill      XL: |  1  2 |
---------------+-------+-----
Maces & Flails | 2 |  2.2
Armour         | 2 |  2.2
Dodging        | 1 |  1.0
Fighting       | |  3.6
Invocations    | |  2.4

Action                   || total
-------------------------++-------
Melee: Mace              ||    73
Armor: Leather armour    ||    37
Dodge: Dodged            ||    67

Table legend: (Time is in decaauts)
 A = Elapsed time spent in this place.
 B = Non-inter-level travel time spent in this place.
 C = Inter-level travel time spent in this place.
 D = Time resting spent in this place.
 E = Time spent auto-exploring this place.
 F = Levels seen in this place.
 G = Mean time per level.
                   A        B        C        D        E       F      G
               +--------+--------+--------+--------+--------+-----+--------+
         Total |   1077 |   1031 |     46 |      0 |    803 |   3 |  359.0 |
       Dungeon |   1019 |    973 |     46 |      0 |    803 |   2 |  509.5 |
         Abyss |     58 |     58 |      0 |      0 |      0 |   1 |   58.0 |
               +--------+--------+--------+--------+--------+-----+--------+

Top non-repeatable levels by time:
     D:1: 1002 daAuts
 Abyss:1: 58 daAuts
     D:2: 17 daAuts
